 Dungeon Crawl Stone Soup version 0.17-a0-1164-g0ba867e (webtiles) character file.

38 KlotserJr the Skirmisher (level 3, 0/29 HPs)
             Began as a Demonspawn Berserker on May 28, 2015.
             Was a Follower of Trog.
             Succumbed to Crazy Yiuf's poison
             ... on level 2 of the Dungeon.
             The game lasted 00:05:35 (1966 turns).

KlotserJr the Skirmisher (Demonspawn Berserker)     Turns: 1966, Time: 00:05:35

Health: 0/29       AC:  4    Str: 17    XL:     3   Next: 25%
Magic:  3/3        EV: 12    Int:  9    God:    Trog [*.....]
Gold:   121        SH:  0    Dex: 12    Spells: 0 memorised, 2 levels left

rFire  . . .     SeeInvis .     a - +1 falchion
rCold  . . .     Clarity  .     j - +0 leather armour
rNeg   . . .     SustAt   .     (no shield)
rPois  .         Gourm    .     e - +0 helmet
rElec  .         Spirit   .     (no cloak)
rCorr  .         Warding  .     (no gloves)
rMut   .         Stasis   .     (no boots)
MR     .....                    (no amulet)
Stlth  +.........               (no ring)
                                (no ring)

@: lethally poisoned (0 -> -12), not resistant to hostile enchantments, very
unstealthy
A: powered by death 1
a: Burn Spellbooks, Berserk, Renounce Religion


You were on level 2 of the Dungeon.
You worshipped Trog.
Trog was aware of your devotion.
You were full.

You visited 1 branch of the dungeon, and saw 2 of its levels.

You collected 121 gold pieces.

Inventory:

Hand weapons
 a - a +1 falchion (weapon)
Armour
 e - a +0 helmet (worn)
 h - a +1 helmet
 j - a +0 leather armour (worn)
Scrolls
 b - a scroll of enchant weapon
 i - a scroll of enchant armour {unknown}
 l - 2 scrolls of blinking {unknown}
 n - a scroll of identify
Potions
 d - a potion of haste {unknown}
 g - a potion of flight {unknown}
 m - 2 potions of curing {unknown}
Comestibles
 c - a bread ration


   Skills:
 + Level 3.2 Fighting
 * Level 3.2 Long Blades
 - Level 1.7 Armour
 + Level 2.1 Dodging
 + Level 1.2 Stealth


You had 2 spell levels left.
You didn't know any spells.

Dungeon Overview and Level Annotations

Branches:
Dungeon (2/15)

Altars:

Annotations:
D:2 Crazy Yiuf


Innate Abilities, Weirdness & Mutations

You can steal the life force of nearby defeated enemies.


Message History

You now have 121 gold pieces (gained 15).
All of the chunks of flesh in your inventory have rotted away.
You open the door.
Crazy Yiuf the Enlightened comes into view.
He is wielding a quarterstaff of chaos.
Found a hammer.
Crazy Yiuf shouts!
There is an open door here.
Crazy Yiuf completely misses you.
You hit Crazy Yiuf.
Crazy Yiuf is moderately wounded.
Crazy Yiuf hits you with a quarterstaff of chaos.
You are electrocuted!
Ouch! That really hurt!
* * * LOW HITPOINT WARNING * * *
You hit Crazy Yiuf.
Crazy Yiuf is heavily wounded.
Crazy Yiuf hits you with a quarterstaff of chaos.
* * * LOW HITPOINT WARNING * * *
You are lethally poisoned!
You die...

#.<............................#
#.......##.#.########.#.#.#..###
#####.####.#.# #.#....(## #.#
#(### ######### ####.####.#
#...#.....# #############
#.##.####.# ########.#..........
#.##.# ##.# #...##..#.......####
#.##.# #..# #.g@'.####.P....#
#.##.###..# #)..### ##P...##
#.##.#....# ##### ######
##.##......# ...####....# ####
###..##############
..#######...............#
#...........#############
.......>....#


You could see Crazy Yiuf.

Vanquished Creatures
  An adder (D:2)
  A worm (D:2)
  A ball python (D:2)
  A giant cockroach (D:1)
  3 goblins
  5 hobgoblins
  5 bats (D:1)
  2 giant newts
  2 jackals (D:2)
  3 kobolds (D:1)
  3 rats
27 creatures vanquished.

Notes
Turn   | Place    | Note
--------------------------------------------------------------
     0 | D:1      | KlotserJr the Demonspawn Berserker began the quest for the Orb.
     0 | D:1      | Reached XP level 1. HP: 18/18 MP: 1/1
   730 | D:1      | Gained mutation: You can steal the life force of nearby defeated enemies. [demonic ancestry]
   730 | D:1      | Reached XP level 2. HP: 21/24 MP: 2/2
  1387 | D:2      | Reached skill level 1 in Stealth
  1459 | D:2      | Reached XP level 3. HP: 15/29 MP: 3/3
  1961 | D:2      | Noticed Crazy Yiuf
  1965 | D:2      | HP: 1/29 [Crazy Yiuf/quarterstaff of chaos (6)]
  1966 | D:2      | Succumbed to Crazy Yiuf's poison

Vault maps used:
D:1:      dpeg_arrival_circle_labyrinth_b
D:2:      nrook_loot_triangle, uniq_crazy_yiuf_cottage

Action                   || total
-------------------------++-------
Melee: Falchion          ||    94
  Use: Scroll            ||     3
 Stab: Sleeping          ||     1
  Eat: Chunk             ||     3
       Meat ration       ||     1
